 Dungeon Crawl Stone Soup version 0.27.1-1-g398f81649c (webtiles) character file.

Game seed: 10077916028340004768

2 nxtlvl the Ruffian (level 1, -1/16 HPs)
             Began as a Minotaur Transmuter on Sept 17, 2021.
             Succumbed to an adder's poison
             ... on level 2 of the Dungeon.
             The game lasted 00:00:27 (44 turns).

nxtlvl the Ruffian (Minotaur Transmuter)              Turns: 44, Time: 00:00:27

Health: -1/16      AC:  2    Str: 14    XL:     1   Next: 33%
Magic:  1/1        EV: 12    Int: 10    God:
Gold:   0          SH:  0    Dex: 10    Spells: 1/2 levels left

rFire    . . .     SeeInvis .     - Unarmed
rCold    . . .     Faith    .   (no shield)
rNeg     . . .     Spirit   .   a - +0 robe
rPois    .         Reflect  .   (helmet restricted)
rElec    .         Harm     .   (no cloak)
rCorr    .         Rampage  .   (no gloves)
Will     .....                  (no boots)
Stlth    +.........             (no amulet)
HPRegen  0.05/turn              (no ring)
MPRegen  0.07/turn              (no ring)

@: lethally poisoned (-1 -> -10)
A: horns 2, retaliatory headbutt
a: no special abilities


You were on level 2 of the Dungeon.
You visited 1 branch of the dungeon, and saw 2 of its levels.

Inventory:

Armour
 a - a +0 robe (worn)
Potions
 b - a potion of heal wounds {unknown}


   Skills:
 - Level 1.2 Fighting
 - Level 2.1 Dodging
 * Level 3.5 Unarmed Combat
 - Level 1.3 Spellcasting
 - Level 1.5 Transmutations


You had one spell level left.
You knew the following spells:

 Your Spells              Type           Power      Damage    Failure   Level
a - Beastly Appendage     Tmut           6%         N/A       19%         1

Your spell library contained the following spells:

 Spells                   Type           Power      Damage    Failure   Level
 Wereblood                Tmut           3%         N/A       26%         2
 Spider Form              Tmut/Pois      1%         N/A       58%         3
 Ice Form                 Ice/Tmut       2%         N/A       94%         4


Dungeon Overview and Level Annotations

Branches:
Dungeon (2/15)

Altars:


Innate Abilities, Weirdness & Mutations

You have a pair of horns on your head.
You reflexively headbutt those who attack you in melee.


Message History

The ball python hisses angrily.
The ball python closely misses you. The ball python grabs you.
The ball python constricts you.
You closely miss the ball python. The ball python closely misses you.
The ball python constricts you.
You hit the ball python.
The ball python is severely wounded.
The ball python bites you but does no damage.
The ball python constricts you.
You hit the ball python.
You kill the ball python!
A hobgoblin comes into view.
The hobgoblin shouts!
An adder and a skeleton come into view.
The adder hisses angrily.
You see here a coppery potion.
b - a coppery potion You hit the hobgoblin but do no damage.
Your headbutt misses the hobgoblin. The hobgoblin misses you.
You furiously retaliate!
You headbutt the hobgoblin, but do no damage.
You closely miss the hobgoblin. You headbutt the hobgoblin.
You kill the hobgoblin!
You barely miss the adder. The adder bites you. The adder skeleton bites you.
You barely miss the adder. You headbutt the adder.
The adder is lightly wounded.
The adder bites you.
You are lethally poisoned!
The adder poisons you! The adder skeleton bites you. The adder bites you.
* * * LOW HITPOINT WARNING * * *
You are more poisoned.
The adder poisons you!
You hit the adder.
The adder is moderately wounded.
* * * LOW HITPOINT WARNING * * *
You feel very sick.
The adder skeleton bites you but does no damage.
The adder barely misses you.
You hit the adder.
The adder is heavily wounded.
You die...

#..###...###. #
###.#..#..#.#
#.####..###..#
#..†.....#.###
#######...#####
#.........#
#.........#
##.........#
#.@........#
......SZ.......##
##.##........<.#
....#........#
.........###....
#.......... .....
...........#
.....
............ ..


You could see an adder and an adder skeleton.

Vanquished Creatures
  A hobgoblin (D:2)
  A ball python (D:2)
  A kobold (D:2)
3 creatures vanquished.

Notes
Turn   | Place    | Note
-------+----------+-------------------------------------------
     0 | D:1      | nxtlvl the Minotaur Transmuter began the quest for the Orb.
     0 | D:1      | Reached XP level 1. HP: 16/16 MP: 1/1
    44 | D:2      | Succumbed to an adder's poison

Illustrated notes

Levels and vault maps discovered:
D:1:      lightli_molten_gateway, layout_basic, serial_bayou,
          serial_bayou_lagoon_b, serial_bayou_pond_a, serial_bayou_pond_b,
          serial_bayou_ford_a, hellmonk_ecumenical_altar_pennies_from_heaven,
          minmay_misc_feat_alley, hangedman_decor_growths
D:2:      layout_rooms, basic_altar, kennysheep_doodads, hangedman_decor_points

Action                   || total
-------------------------++-------
Melee: Unarmed           ||     9
       Headbutt          ||     2
Armor: Robe              ||     2
Dodge: Dodged            ||     7
